 Dungeon Crawl Stone Soup version 0.31-a0-1118-gbca3d03946 (webtiles) character file.

Game seed: 16316324568295954949

334 gruber the Skirmisher (level 6, -24/75 HPs)
             Began as a Minotaur Hunter on Dec 4, 2023.
             Annihilated by an ogre
             ... wielding a +0 giant spiked club
              (31 damage)
             ... on level 4 of the Dungeon.
             The game lasted 00:01:47 (2172 turns).

gruber the Skirmisher (Minotaur Hunter)             Turns: 2172, Time: 00:01:48

Health: -24/75     AC:  5    Str: 15    XL:     6   Next: 27%
Magic:  0/5        EV: 12    Int: 12    God:
Gold:   241        SH:  0    Dex: 16    Spells: 5/5 levels left

rFire   . . .        a - +0 shortbow
rCold   . . .        (shield currently unavailable)
rNeg    . . .        c - +0 leather armour
rPois   .            (helmet restricted)
rElec   .            (no cloak)
rCorr   .            m - +0 pair of gloves
SInv    .            o - +0 pair of boots
Will    .....        g - amulet of guardian spirit Stlth
                     l - +6 ring of intelligence
HPRegen 0.32/turn    (no ring)
MPRegen 0.09/turn

%: guardian spirit
@: berserking, very quick
A: horns 2, retaliatory headbutt
a: no special abilities


You were on level 4 of the Dungeon.
You visited 1 branch of the dungeon, and saw 4 of its levels.

You collected 241 gold pieces.

Inventory:

Hand Weapons
 a - a +0 shortbow (weapon)
Armour
 c - a +0 leather armour (worn)
 m - a +0 pair of gloves (worn)
 o - a +0 pair of boots (worn)
Jewellery
 g - an amulet of guardian spirit (around neck)
 l - a +6 ring of intelligence (left hand)
Scrolls
 b - a scroll of butterflies
 d - 4 scrolls of identify {unknown}
 e - a scroll of enchant armour {unknown}
 j - a scroll of enchant weapon {unknown}
 k - a scroll of silence {unknown}
Potions
 h - a potion of cancellation {unknown}
 i - a potion of heal wounds {unknown}
 n - a potion of ambrosia {unknown}
 p - a potion of attraction {unknown}
 q - a potion of might {unknown}


   Skills:
 - Level 2.4 Fighting
 + Level 8.4 Ranged Weapons
 - Level 2.1 Dodging
 - Level 0.7 Stealth


You had 5 spell levels left.
You didn't know any spells.
Your spell library contained the following spells:

 Spells                   Type           Power      Damage    Failure   Level
 Sandblast                Erth           0%         2d4       38%         1
 Cigotuvi's Dreadful Rot  Necr/Pois/Air  0%         N/A       52%         2
 Lesser Beckoning         Tloc           0%         N/A       52%         2
 Passwall                 Tmut/Erth      0%         N/A       52%         2
 Dazzling Flash           Conj/Hex       0%         N/A       77%         3
 Gell's Gravitas          Tloc           0%         N/A       77%         3
 Ignite Poison            Fire/Tmut/Pois 0%         N/A       77%         3
 Stone Arrow              Conj/Erth      0%         3d7       77%         3
 Teleport Other           Tloc           0%         N/A       77%         3
 Tukima's Dance           Hex            0%         N/A       77%         3
 Volatile Blastmotes      Fire/Tloc      0%         2d10      77%         3
 Animate Armour           Summ/Erth      0%         N/A       99%         4
 Brom's Barrelling Bould  Conj/Erth      0%         2d3       99%         4
 Dimensional Bullseye     Hex/Tloc       0%         N/A       99%         4
 Iskenderun's Mystic Bla  Conj/Tloc      0%         2d3       99%         4
 Summon Lightning Spire   Summ/Air       0%         N/A       99%         4
 Freezing Cloud           Conj/Ice/Air   0%         6-21      100%        5
 Lee's Rapid Deconstruct  Erth           0%         3d4*      100%        5
 Starburst                Conj/Fire      0%         6d3       100%        6
 Maxwell's Capacitive Co  Air            0%         ∞         100%        8


Dungeon Overview and Level Annotations

Branches:
Dungeon (4/15)
 Temple: D:4-7

Altars:
Wu Jian


Innate Abilities, Weirdness & Mutations

You have a pair of horns on your head.
You reflexively headbutt those who attack you in melee.


Message History

A gnoll comes into view. It is wielding a +0 spear.
You shoot an arrow. The arrow hits the gnoll!
You kill the gnoll!
You shoot an arrow. The arrow hits the ogre!
The ogre is moderately wounded.
You shoot an arrow. The arrow completely misses the ogre.
The arrow hits the gnoll.
The gnoll is lightly wounded.
The ogre hits you with a +0 giant spiked club!!
Ouch! That really hurt!
* * * LOW HITPOINT WARNING * * *
The gnoll hits you but does no damage.
Unknown command.
You are too injured to fight recklessly!
You are too injured to fight recklessly!
Unknown command.
You are too injured to fight recklessly!
Unknown command.
Fire: a) +0 shortbow
Press: ? - help, Q - select action Shift-Dir - straight line, f/p - ogre
Aim: an ogre, wielding a +0 giant spiked club (moderately wounded, 78% to hit)
You shoot an arrow. The arrow hits the ogre.
The ogre is heavily wounded.
A gnoll comes into view. It is wielding a +0 club.
The gnoll hits you from afar with a +0 spear!
* * * LOW HITPOINT WARNING * * *
The ogre barely misses you.
Unknown command.
Fire: a) +0 shortbow
Press: ? - help, Q - select action Shift-Dir - straight line, f/p - ogre
Aim: an ogre, wielding a +0 giant spiked club (heavily wounded, 78% to hit)
You shoot an arrow. The arrow hits the ogre.
The ogre is heavily wounded.
Unknown command.
Unknown command.
It was a potion of berserk rage.
A red film seems to cover your vision as you go berserk!
You feel yourself moving faster!
You feel mighty!
The ogre hits you with a +0 giant spiked club!!
You die...

##### ##.... ###....
..... ..g #.#g# #.#O#
#.#@###
.#####.....####
......#..#....###
..>........#)...# ...
####...#).........
.... ##......####...
###..########...#<..#
#.
.......#............#
............###.###...


You could see an ogre and 2 gnolls.

Vanquished Creatures
  A scorpion (D:4)
  2 orc priests (D:3)
  2 orc wizards (D:3)
  5 gnolls
  5 adders
  A worm (D:3)
  3 dart slugs
  9 orcs (D:3)
  2 ball pythons
  5 endoplasms
  4 giant cockroaches
  6 goblins
  2 hobgoblins
  3 jackals (D:3)
  3 kobolds
  3 quokkas
  6 bats
  A frilled lizard (D:1)
  2 rats (D:3)
65 creatures vanquished.

Notes
Turn   | Place    | Note
-------+----------+-------------------------------------------
     0 | D:1      | gruber the Minotaur Hunter began the quest for the Orb.
     0 | D:1      | Reached XP level 1. HP: 18/18 MP: 0/0
   125 | D:1      | Reached XP level 2. HP: 25/25 MP: 1/1
   180 | D:1      | Reached skill level 5 in Ranged Weapons
   625 | D:2      | Reached XP level 3. HP: 14/30 MP: 2/2
  1154 | D:3      | Reached skill level 6 in Ranged Weapons
  1164 | D:3      | Reached XP level 4. HP: 15/37 MP: 1/3
  1535 | D:3      | Found an ornate altar of the Wu Jian Council.
  1802 | D:3      | Reached skill level 7 in Ranged Weapons
  1803 | D:3      | Reached XP level 5. HP: 42/42 MP: 4/4
  1920 | D:3      | Reached skill level 8 in Ranged Weapons
  2120 | D:4      | Reached XP level 6. HP: 50/50 MP: 5/5
  2172 | D:4      | Annihilated by an ogre

Illustrated notes

Levels and vault maps discovered:
D:1:      dpeg_arrival_rooms_a, layout_rooms
D:2:      layout_loops_ring
D:3:      layout_loops_ring, nicolae_wu_jian_immortal_techniques
D:4:      layout_rooms, uniq_natasha

Skill      XL: |  1  2  3  4  5 |
---------------+----------------+-----
Ranged Weapons | 5 6 7 8 |  8.4
Fighting       | |  2.4
Dodging        | |  2.1
Stealth        | |  0.7

Action                     |  1- 3 |  4- 6 || total
---------------------------+-------+-------++-------
   Fire: Shortbow          |    72 |   141 ||   213
    Use: Potion            |       |     1 ||     1
 Armour: Leather armour    |    16 |    38 ||    54
  Dodge: Dodged            |    13 |    38 ||    51

Table legend: (Time is in decaauts)
 A = Elapsed time spent in this place.
 B = Non-inter-level travel time spent in this place.
 C = Inter-level travel time spent in this place.
 D = Time resting spent in this place.
 E = Time spent auto-exploring this place.
 F = Levels seen in this place.
 G = Mean time per level.
                   A        B        C        D        E       F      G
               +--------+--------+--------+--------+--------+-----+--------+
         Total |   2193 |   2090 |    103 |      0 |   1728 |   4 |  548.2 |
       Dungeon |   2193 |   2090 |    103 |      0 |   1728 |   4 |  548.2 |
               +--------+--------+--------+--------+--------+-----+--------+

Top non-repeatable levels by time:
     D:3: 989 daAuts
     D:2: 786 daAuts
     D:1: 358 daAuts
     D:4: 58 daAuts
